 Dungeon Crawl Stone Soup version 0.17-a0-2217-ga280b8d (webtiles) character file.

232 Raultor the Shield-Bearer (level 5, 0/47 HPs)
             Began as a Minotaur Fighter on Oct 28, 2015.
             Hit by a tomahawk thrown by an orc (5 damage)
             ... on level 4 of the Dungeon.
             The game lasted 00:07:19 (2212 turns).

Raultor the Shield-Bearer (Minotaur Fighter)        Turns: 2212, Time: 00:07:19

Health: 0/47       AC:  4    Str: 20    XL:     5   Next: 73%
Magic:  4/4        EV: 10    Int:  5    God:
Gold:   135        SH:  0    Dex: 11    Spells: 0 memorised, 4 levels left

rFire  . . .     SeeInvis .     a - +0 war axe
rCold  . . .     Clarity  .     w - +1 robe {rN+}
rNeg   + . .     SustAt   .     c - +0 shield
rPois  .         Gourm    .     (helmet restricted)
rElec  .         Spirit   .     s - +0 cloak
rCorr  .         Warding  .     (no gloves)
rMut   .         Stasis   .     (no boots)
MR     .....                    (no amulet)
Stlth  +.........               (no ring)
                                (no ring)

@: confused, not resistant to hostile enchantments, very unstealthy
A: retaliatory headbutt, horns 2
a: no special abilities


You were on level 4 of the Dungeon.
You were not hungry.

You visited 1 branch of the dungeon, and saw 4 of its levels.

You collected 135 gold pieces.

Inventory:

Hand Weapons
 a - a +0 war axe (weapon)
 l - a +2 spear of venom
Armour
 b - a +0 scale mail
 c - a +0 shield (worn)
 q - a cursed +0 helmet
 s - a +0 cloak (worn)
 w - a +1 robe of positive energy (worn)
Wands
 v - a wand of polymorph (10)
Scrolls
 h - 3 scrolls of identify {unknown}
 i - 2 scrolls of remove curse {unknown}
 j - a scroll of teleportation {unknown}
 k - a scroll of fear {unknown}
 m - 2 scrolls of fog {unknown}
 t - a scroll of recharging {unknown}
Potions
 d - a potion of might
 g - a potion of heal wounds {unknown}
 n - a potion of beneficial mutation {unknown}
 o - a potion of mutation {unknown}
 p - a potion of lignification {unknown}
 u - a potion of cure mutation {unknown}
Comestibles
 e - 3 bread rations
 f - 4 fruits
 r - 9 chunks of flesh


   Skills:
 + Level 4.6 Fighting
 + Level 3.4(3.5) Axes
 - Level 0.8(2.3) Polearms
 + Level 4.8 Armour
 + Level 2.1 Dodging
 + Level 5.1 Shields


You had 4 spell levels left.
You didn't know any spells.

Dungeon Overview and Level Annotations

Branches:
Dungeon (4/15)
 Temple: D:4-7

Altars:
Fedhas
Yredelemnul
Zin


Innate Abilities, Weirdness & Mutations

You reflexively headbutt those who attack you in melee.
You have a pair of horns on your head.


Message History

* * * LOW HITPOINT WARNING * * *
You are too injured to fight recklessly!
You are too injured to fight recklessly!
You are too injured to fight recklessly!
You are too injured to fight recklessly!
You slash the orc priest!
You kill the orc priest!
The orc throws a tomahawk.
You block the tomahawk.
You hear some strange, mumbled words.
A magic dart appears from out of thin air!
The magic dart hits you!
* * * LOW HITPOINT WARNING * * *
You hear a shout!
You closely miss something.
The orc throws a tomahawk.
You hear some strange, mumbled words.
You are confused.
You're too confused to move!
The orc throws a tomahawk.
Something hits you but does no damage.
You bump into the stone wall.
The orc throws a tomahawk.
The tomahawk hits you.
You die...

## ?...###
###
#.oo(###..
#@#.# ##.#
#.#
#######.#
#.....).#
#.#######
#.# #.###
#...##


You could see 2 orcs.

Vanquished Creatures
  Blork the orc (D:4)
  2 orc priests
  A worker ant (D:3)
  An adder (D:2)
  An adder skeleton (D:4)
  2 worms (D:2)
  2 giant geckos
  5 orcs
  A ball python (D:2)
  4 bats
  10 goblins
  9 hobgoblins
  6 jackals
  2 giant newts
  14 kobolds
  4 rats
65 creatures vanquished.

Notes
Turn   | Place    | Note
--------------------------------------------------------------
     0 | D:1      | Raultor the Minotaur Fighter began the quest for the Orb.
     0 | D:1      | Reached XP level 1. HP: 19/19 MP: 0/0
   103 | D:1      | Reached skill level 4 in Shields
   105 | D:1      | Reached XP level 2. HP: 16/27 MP: 1/1
   463 | D:2      | Reached XP level 3. HP: 33/33 MP: 2/2
   991 | D:2      | Found a glowing silver altar of Zin.
  1595 | D:3      | Reached skill level 1 in Dodging
  1595 | D:3      | Reached XP level 4. HP: 38/40 MP: 3/3
  1736 | D:3      | Found a blossoming altar of Fedhas.
  1736 | D:3      | Found a basalt altar of Yredelemnul.
  2111 | D:4      | Reached XP level 5. HP: 44/47 MP: 4/4
  2155 | D:4      | Noticed Blork the orc
  2167 | D:4      | Killed Blork the orc
  2167 | D:4      | Reached skill level 5 in Shields
  2212 | D:4      | Hit by a tomahawk thrown by an orc

Vault maps used:
D:1:      dpeg_arrival_orchard
D:2:      marbit_many_paths, first_bread
D:3:      amethyst_overflow_temple_binary
D:4:      corexii_shack_village, gammafunk_temple_overflow_pools,
          patterned_corridor, uniq_pikel, uniq_blork_the_orc

Action                   |  1- 3 |  4- 6 || total
-------------------------+-------+-------++-------
Melee: War axe           |    49 |    15 ||    64
       Spear             |    53 |    38 ||    91
  Eat: Chunk             |     1 |     2 ||     3
       Fruit             |     1 |       ||     1
